PAA
CHESAPEAKE CONTINENTALS @ MINNESOTA LOONS
09/13/2034
 
TOP OF THE 1ST
Chesapeake Continentals batting - Pitching for Minnesota Loons : LHP Steve Tedder
Pitching: LHP Steve Tedder
Batting: RHB Tony Calhoun 0-0: Ball
1-0: SINGLE (Groundball, 6MD)
Batting: RHB Mark Sawyer 0-0: Ball
1-0: Ball
2-0: Ball
3-0: Called Strike
3-1: Fielders Choice at 2nd, 6-4 (Groundball, 6)
Batting: RHB Eric Deweese 0-0: Ball
Mark Sawyer is caught stealing 2nd base
1-0: Ball
2-0: SINGLE (Line Drive, 8RS)
Batting: RHB Manuel Ángel 0-0: Ball
1-0: Ball
2-0: SINGLE (Groundball, 6MD)
Eric Deweese to second
Runner from 2nd tries for 3rd, SAFE, no throw
Batting: SHB Bernie Nutall 0-0: Ball
1-0: Swinging Strike
1-1: Called Strike
1-2: Ball
2-2: Foul Ball, location: 2F
2-2: Strikes out looking
Top of the 1st over - 0 runs, 3 hits, 0 errors, 2 left on base; Chesapeake 0 - Minnesota 0
BOTTOM OF THE 1ST
Minnesota Loons batting - Pitching for Chesapeake Continentals : RHP Currito Fonseca
Pitching: RHP Currito Fonseca
Batting: SHB Esteban Piñeiro 0-0: Called Strike
0-1: Ball
1-1: SINGLE (Line Drive, 34)
Batting: RHB Héctor Espiga 0-0: Ball
1-0: Ball
2-0: Called Strike
2-1: Swinging Strike
2-2: Ball
Esteban Piñeiro is caught stealing 2nd base
3-2: Base on Balls
Batting: LHB Kevin de Bruyne 0-0: Called Strike
0-1: Fly out, F9 (Line Drive, 89M)
Batting: LHB José Román 0-0: Ball
1-0: Ball
2-0: Ball
3-0: Base on Balls
Héctor Espiga to second
Batting: LHB Sergio Cruz 0-0: Ball
1-0: Ball
2-0: Ball
3-0: Base on Balls
Héctor Espiga to third
José Román to second
Batting: RHB Augusto Manuel 0-0: Ball
1-0: Called Strike
1-1: Fielders Choice at 2nd, 6-4 (Groundball, 6)
Bottom of the 1st over - 0 runs, 1 hit, 0 errors, 3 left on base; Chesapeake 0 - Minnesota 0
TOP OF THE 2ND
Chesapeake Continentals batting - Pitching for Minnesota Loons : LHP Steve Tedder
Batting: RHB Shou-chien Luo 0-0: Ball
1-0: Ball
2-0: Ground out 3-1 (Groundball, 34S)
Batting: RHB Frank de Blooys 0-0: Called Strike
0-1: Called Strike
0-2: Ball
1-2: SOLO HOME RUN (Flyball, 7LD), Distance : 350 ft
Batting: RHB Yohann Serres 0-0: SINGLE (Line Drive, 6D)
Batting: RHB Román Sánchez 0-0: Swinging Strike
0-1: SINGLE (Line Drive, 8LS)
Yohann Serres to second
Batting: RHB Tony Calhoun 0-0: Ball
1-0: Ball
2-0: Called Strike
2-1: Ball
3-1: Base on Balls
Yohann Serres to third
Román Sánchez to second
Batting: RHB Mark Sawyer 0-0: Ball
1-0: Ball
2-0: Ball
3-0: Base on Balls
Yohann Serres scores
Román Sánchez to third
Tony Calhoun to second
Batting: RHB Eric Deweese 0-0: Ball
1-0: Foul Ball, location: 2F
1-1: Fly out, F7 (Flyball, 7)
Runner from 3rd tags up, SCORES, throw made
Batting: RHB Manuel Ángel 0-0: Called Strike
0-1: Fly out, F9 (Line Drive, 9)
Top of the 2nd over - 3 runs, 3 hits, 0 errors, 2 left on base; Chesapeake 3 - Minnesota 0
BOTTOM OF THE 2ND
Minnesota Loons batting - Pitching for Chesapeake Continentals : RHP Currito Fonseca
Batting: RHB Raúl Maradona 0-0: Fly out, F4 (Popup, 34S)
Batting: RHB Tabor Muzquiz 0-0: SINGLE (Groundball, 4MD)
Batting: LHB Atro Jarvilehto 0-0: Foul Ball, location: 2F
0-1: Ball
1-1: Foul Ball, location: 2F
1-2: Strikes out swinging
Batting: SHB Esteban Piñeiro 0-0: Foul Ball, location: 2F
0-1: Foul Ball, location: 2F
0-2: Ball
1-2: Ground out 1-3 (Groundball, 13)
Bottom of the 2nd over - 0 runs, 1 hit, 0 errors, 1 left on base; Chesapeake 3 - Minnesota 0
TOP OF THE 3RD
Chesapeake Continentals batting - Pitching for Minnesota Loons : LHP Steve Tedder
Batting: SHB Bernie Nutall 0-0: Ball
1-0: Ball
2-0: Called Strike
2-1: Ball
3-1: Foul Ball, location: 2F
3-2: Foul Ball, location: 2F
3-2: Fly out, F9 (Flyball, 9LM)
Batting: RHB Shou-chien Luo 0-0: Ball
1-0: Ball
2-0: Foul Ball, location: 2F
2-1: Called Strike
2-2: SINGLE (Flyball, 7LS)
Batting: RHB Frank de Blooys 0-0: Ball
1-0: Ground out 5-3 (Groundball, 56S)
Shou-chien Luo to second
Batting: RHB Yohann Serres 0-0: Ball
1-0: Swinging Strike
1-1: SINGLE (Groundball, 6) (infield hit)
Shou-chien Luo to third
Batting: RHB Román Sánchez 0-0: Ball
1-0: Ball
2-0: Called Strike
2-1: Ball
3-1: Base on Balls
Yohann Serres to second
Batting: RHB Tony Calhoun 0-0: Called Strike
0-1: Called Strike
0-2: Strikes out looking
Top of the 3rd over - 0 runs, 2 hits, 0 errors, 3 left on base; Chesapeake 3 - Minnesota 0
BOTTOM OF THE 3RD
Minnesota Loons batting - Pitching for Chesapeake Continentals : RHP Currito Fonseca
Batting: RHB Héctor Espiga 0-0: Foul Ball, location: 2F
0-1: Ball
1-1: Called Strike
1-2: Foul Ball, location: 2F
1-2: Ball
2-2: SINGLE (Groundball, 6MD)
Batting: LHB Kevin de Bruyne 0-0: Ball
1-0: Ball
2-0: Ball
3-0: Base on Balls
Héctor Espiga to second
Batting: LHB José Román 0-0: Called Strike
0-1: SINGLE (Groundball, 6MD)
Héctor Espiga to third
Kevin de Bruyne to second
Runner from 3rd tries for Home, SAFE, throw made home
Batting: LHB Sergio Cruz 0-0: Ball
1-0: Ball
2-0: Foul Ball, location: 2F
2-1: Ball
3-1: Called Strike
3-2: Fly out, F8 (Flyball, 8RS)
Batting: RHB Augusto Manuel 0-0: Ball
1-0: Ball
2-0: Ball
3-0: Base on Balls
Kevin de Bruyne to third
José Román to second
Batting: RHB Raúl Maradona 0-0: Grounds into double play, 6-4-3 (Groundball, 6)
Bottom of the 3rd over - 1 run, 2 hits, 0 errors, 2 left on base; Chesapeake 3 - Minnesota 1
TOP OF THE 4TH
Chesapeake Continentals batting - Pitching for Minnesota Loons : LHP Steve Tedder
Batting: RHB Mark Sawyer 0-0: Ball
1-0: Ball
2-0: Called Strike
2-1: SINGLE (Groundball, 34D)
Batting: RHB Eric Deweese 0-0: Ball
1-0: Called Strike
1-1: Grounds into double play, 6-4-3 (Groundball, 6)
Batting: RHB Manuel Ángel 0-0: Fly out, F7 (Flyball, 7S)
Top of the 4th over - 0 runs, 1 hit, 0 errors, 0 left on base; Chesapeake 3 - Minnesota 1
BOTTOM OF THE 4TH
Minnesota Loons batting - Pitching for Chesapeake Continentals : RHP Currito Fonseca
Batting: RHB Tabor Muzquiz 0-0: Ball
1-0: Foul Ball, location: 2F
1-1: Foul Ball, location: 2F
1-2: Ball
2-2: SINGLE (Groundball, 3D)
Batting: LHB Atro Jarvilehto 0-0: Called Strike
0-1: Ball
1-1: Foul Ball, location: 2F
1-2: Ball
2-2: Strikes out looking
Batting: SHB Esteban Piñeiro 0-0: Grounds into double play, 4-6-3 (Groundball, 4)
Bottom of the 4th over - 0 runs, 1 hit, 0 errors, 0 left on base; Chesapeake 3 - Minnesota 1
TOP OF THE 5TH
Chesapeake Continentals batting - Pitching for Minnesota Loons : LHP Steve Tedder
Batting: SHB Bernie Nutall 0-0: Ball
1-0: Foul Ball, location: 2F
1-1: SINGLE (Line Drive, 78S)
Batting: RHB Shou-chien Luo 0-0: Bunted foul
0-1: Sac Bunt - play at first, batter OUT! 2-4
Bernie Nutall to second
Batting: RHB Frank de Blooys 0-0: 2-RUN HOME RUN (Flyball, 7D), Distance : 359 ft
Batting: RHB Yohann Serres 0-0: Ball
1-0: Foul Ball, location: 2F
1-1: Ball
2-1: Foul Ball, location: 2F
2-2: Ground out 5-3 (Groundball, 56)
Batting: RHB Román Sánchez 0-0: Ball
1-0: Swinging Strike
1-1: Foul Ball, location: 2F
1-2: Ground out 6-3 (Groundball, 6)
Top of the 5th over - 2 runs, 2 hits, 0 errors, 0 left on base; Chesapeake 5 - Minnesota 1
BOTTOM OF THE 5TH
Minnesota Loons batting - Pitching for Chesapeake Continentals : RHP Currito Fonseca
Batting: RHB Héctor Espiga 0-0: Called Strike
0-1: Foul Ball, location: 2F
0-2: Foul Ball, location: 2F
0-2: Ground out 3-1 (Groundball, 34S)
Batting: LHB Kevin de Bruyne 0-0: SOLO HOME RUN (Flyball, 9LD), Distance : 352 ft
Batting: LHB José Román 0-0: Called Strike
0-1: Swinging Strike
0-2: Ball
1-2: Foul Ball, location: 2F
1-2: Foul Ball, location: 2F
1-2: Ball
2-2: SINGLE (Flyball, 89M)
Batting: LHB Sergio Cruz 0-0: Foul Ball, location: 2F
0-1: Grounds into double play, 4-6-3 (Groundball, 4)
Bottom of the 5th over - 1 run, 2 hits, 0 errors, 0 left on base; Chesapeake 5 - Minnesota 2
TOP OF THE 6TH
Chesapeake Continentals batting - Pitching for Minnesota Loons : LHP Steve Tedder
Batting: RHB Tony Calhoun 0-0: Ball
1-0: Ball
2-0: Swinging Strike
2-1: Ground out 5-3 (Groundball, 56)
Batting: RHB Mark Sawyer 0-0: Ball
1-0: Swinging Strike
1-1: Ball
2-1: Ball
3-1: Base on Balls
Pitching: LHP Ids Knegt
Batting: RHB Eric Deweese 0-0: Called Strike
Mark Sawyer steals 2nd base
0-1: Ground out 6-3 (Groundball, 6)
Batting: RHB Manuel Ángel 0-0: Called Strike
0-1: Ball
1-1: Swinging Strike
1-2: Strikes out swinging
Top of the 6th over - 0 runs, 0 hits, 0 errors, 1 left on base; Chesapeake 5 - Minnesota 2
BOTTOM OF THE 6TH
Minnesota Loons batting - Pitching for Chesapeake Continentals : RHP Currito Fonseca
Batting: RHB Augusto Manuel 0-0: Ball
1-0: Called Strike
1-1: Ball
2-1: Called Strike
2-2: Ground out 6-3 (Groundball, 6)
Batting: RHB Raúl Maradona 0-0: Ball
1-0: DOUBLE (Flyball, 8LXD)
Batting: RHB Tabor Muzquiz 0-0: Ball
1-0: Ball
2-0: Called Strike
2-1: Ball
3-1: Foul Ball, location: 2F
3-2: Foul Ball, location: 2F
3-2: Base on Balls
Batting: LHB Atro Jarvilehto 0-0: Fly out, F5 (Line Drive, 5L)
Batting: SHB Esteban Piñeiro 0-0: Foul Ball, location: 2F
0-1: Called Strike
0-2: Fly out, F6 (Popup, 5D)
Bottom of the 6th over - 0 runs, 1 hit, 0 errors, 2 left on base; Chesapeake 5 - Minnesota 2
TOP OF THE 7TH
Chesapeake Continentals batting - Pitching for Minnesota Loons : LHP Ids Knegt
Batting: SHB Bernie Nutall 0-0: Swinging Strike
0-1: Ball
1-1: Foul Ball, location: 2F
1-2: Ball
2-2: Strikes out swinging
Batting: RHB Shou-chien Luo 0-0: Foul Ball, location: 2F
0-1: Swinging Strike
0-2: Ball
1-2: Strikes out swinging
Batting: RHB Frank de Blooys 0-0: Ball
1-0: Swinging Strike
1-1: Ball
2-1: Foul Ball, location: 2F
2-2: Ball
3-2: Foul Ball, location: 2F
3-2: Base on Balls
Batting: RHB Yohann Serres 0-0: Called Strike
0-1: Called Strike
0-2: Strikes out swinging
Top of the 7th over - 0 runs, 0 hits, 0 errors, 1 left on base; Chesapeake 5 - Minnesota 2
BOTTOM OF THE 7TH
Minnesota Loons batting - Pitching for Chesapeake Continentals : RHP Currito Fonseca
Batting: RHB Héctor Espiga 0-0: Foul Ball, location: 2F
0-1: Ball
1-1: Ball
2-1: Foul Ball, location: 2F
2-2: Reached via error on a dropped throw, E3
Pitching: LHP Raúl Romero
Batting: LHB Kevin de Bruyne 0-0: Ball
1-0: Foul Ball, location: 2F
1-1: Ball
2-1: Called Strike
2-2: Foul Ball, location: 2F
2-2: Fly out, F9 (Line Drive, 89S)
Batting: LHB José Román 0-0: Called Strike
0-1: Ball
1-1: Ball
2-1: Foul Ball, location: 2F
2-2: Hit by Pitch
Héctor Espiga to second
Batting: LHB Sergio Cruz 0-0: Ball
1-0: Called Strike
1-1: Swinging Strike
1-2: Strikes out swinging
Batting: RHB Augusto Manuel 0-0: Ground out 4-3 (Groundball, 4)
Bottom of the 7th over - 0 runs, 0 hits, 1 error, 2 left on base; Chesapeake 5 - Minnesota 2
TOP OF THE 8TH
Chesapeake Continentals batting - Pitching for Minnesota Loons : LHP Ids Knegt
Batting: RHB Román Sánchez 0-0: SINGLE (Line Drive, 89S)
Batting: RHB Tony Calhoun 0-0: Bunted foul
0-1: Sac Bunt - play at first, batter OUT! 1-4
Román Sánchez to second
Batting: RHB Mark Sawyer 0-0: Called Strike
0-1: Foul Ball, location: 2F
0-2: Foul Ball, location: 2F
0-2: Ball
1-2: Foul Ball, location: 2F
1-2: Strikes out swinging
Batting: RHB Eric Deweese 0-0: Called Strike
0-1: Called Strike
0-2: Ball
1-2: Fly out, F9 (Flyball, 9)
Top of the 8th over - 0 runs, 1 hit, 0 errors, 1 left on base; Chesapeake 5 - Minnesota 2
BOTTOM OF THE 8TH
Minnesota Loons batting - Pitching for Chesapeake Continentals : LHP Raúl Romero
Batting: RHB Raúl Maradona 0-0: Ball
1-0: Ball
2-0: Foul Ball, location: 2F
2-1: Swinging Strike
2-2: Strikes out swinging
Batting: RHB Tabor Muzquiz 0-0: Ball
1-0: Ball
2-0: Ball
3-0: Base on Balls
Batting: LHB Atro Jarvilehto 0-0: Ball
1-0: Foul Ball, location: 2F
1-1: Swinging Strike
1-2: Foul Ball, location: 2F
1-2: Strikes out looking
Batting: SHB Esteban Piñeiro 0-0: Foul Ball, location: 2F
0-1: DOUBLE (Line Drive, 78D)
Tabor Muzquiz to third
Runner from 3rd tries for Home, SAFE, no throw
Batting: RHB Héctor Espiga 0-0: 2-RUN HOME RUN (Flyball, 78XD), Distance : 390 ft
Pitching: RHP Kent Randall
Batting: LHB Kevin de Bruyne 0-0: Called Strike
0-1: Fly out, F4 (Line Drive, 4)
Bottom of the 8th over - 3 runs, 2 hits, 0 errors, 0 left on base; Chesapeake 5 - Minnesota 5
TOP OF THE 9TH
Chesapeake Continentals batting - Pitching for Minnesota Loons : LHP Ids Knegt
Batting: RHB Manuel Ángel 0-0: Fly out, F9 (Line Drive, 89M)
Batting: SHB Bernie Nutall 0-0: Ball
1-0: SINGLE (Flyball, 9LS)
Batting: RHB Shou-chien Luo 0-0: Foul Ball, location: 2F
0-1: SINGLE (Line Drive, 6MD)
Bernie Nutall to second
Bernie Nutall to third
Batting: RHB Frank de Blooys 0-0: Ball
1-0: Ball
2-0: Ball
3-0: Base on Balls
Shou-chien Luo to second
Batting: RHB Yohann Serres 0-0: Fly out, F1 (Line Drive, 15)
Batting: RHB Román Sánchez 0-0: Ball
1-0: Foul Ball, location: 2F
1-1: Foul Ball, location: 2F
1-2: Ball
2-2: Strikes out looking
Top of the 9th over - 0 runs, 2 hits, 0 errors, 3 left on base; Chesapeake 5 - Minnesota 5
BOTTOM OF THE 9TH
Minnesota Loons batting - Pitching for Chesapeake Continentals : RHP Kent Randall
Pitching: RHP Tom King
Batting: LHB José Román 0-0: Called Strike
0-1: Ball
1-1: DOUBLE (Flyball, 8RXD)
Batting: LHB Sergio Cruz 0-0: Intentional Walk
Batting: RHB Augusto Manuel 0-0: Swinging Strike
0-1: Ball
1-1: Foul Ball, location: 2F
1-2: Ball
2-2: Strikes out swinging
Batting: RHB Raúl Maradona 0-0: Foul Ball, location: 2F
0-1: Ball
1-1: Foul Ball, location: 2F
1-2: Fly out, F3 (Popup, 23F)
Pinch Hitting: LHB Bill Bean 0-0: Fly out, F1 (Line Drive, 15)
Bottom of the 9th over - 0 runs, 1 hit, 0 errors, 2 left on base; Chesapeake 5 - Minnesota 5
TOP OF THE 10TH
Chesapeake Continentals batting - Pitching for Minnesota Loons : LHP Ids Knegt
Now at C: Maverik Buffo
Batting: RHB Tony Calhoun 0-0: Ball
1-0: SINGLE (Groundball, 6D)
Batting: RHB Mark Sawyer 0-0: Ball
1-0: Ball
2-0: Foul Ball, location: 2F
2-1: Foul Ball, location: 2F
2-2: Foul Ball, location: 2F
2-2: Fly out, F4 (Popup, 4M)
Pitching: RHP Ainanani Oliwa
Batting: RHB Eric Deweese 0-0: Ball
Tony Calhoun is caught stealing 2nd base
1-0: Foul Ball, location: 2F
1-1: Fly out, F6 (Popup, 6MS)
Top of the 10th over - 0 runs, 1 hit, 0 errors, 0 left on base; Chesapeake 5 - Minnesota 5
BOTTOM OF THE 10TH
Minnesota Loons batting - Pitching for Chesapeake Continentals : RHP Tom King
Batting: LHB Atro Jarvilehto 0-0: Ball
1-0: Ball
2-0: Called Strike
2-1: Ball
3-1: Base on Balls
Batting: SHB Esteban Piñeiro 0-0: Foul Ball, location: 2F
0-1: Called Strike
0-2: Ball
1-2: Strikes out swinging
Batting: RHB Héctor Espiga 0-0: Ball
1-0: Foul Ball, location: 2F
1-1: Ball
2-1: SINGLE (Groundball, 6D)
Atro Jarvilehto to second
Batting: LHB Kevin de Bruyne 0-0: Called Strike
0-1: Ball
Wild Pitch!
Atro Jarvilehto to third
Héctor Espiga to second
1-1: Intentional Walk
Batting: LHB José Román 0-0: Ball
1-0: Ball
2-0: Ball
3-0: Called Strike
3-1: Foul Ball, location: 2F
3-2: SINGLE (Groundball, 34D)
Atro Jarvilehto scores
Friday, March 29th, 2019 - OOTP Baseball 18.8 Build 76